 Dungeon Crawl Stone Soup version 0.29.0-4-gdea44cf6ec (webtiles) character file.

Game seed: 1532758824122600140

4 qw the Sneak (level 1, -2/14 HPs)
             Began as a Gargoyle Delver on Sept 10, 2022.
             Slain by an adder (3 damage)
             ... on level 4 of the Dungeon.
             The game lasted 00:00:01 (22 turns).

qw the Sneak (Gargoyle Delver)                        Turns: 22, Time: 00:00:02

Health: -2/14      AC:  5    Str: 15    XL:     1   Next: 60%
Magic:  1/1        EV: 11    Int: 10    God:
Gold:   0          SH:  0    Dex: 11    Spells: 0/0 levels left

rFire   . . .      SeeInvis .   a - +0 hand axe
rCold   . . .      Faith    .   (no shield)
rNeg    + . .      Spirit   .   b - +0 leather armour
rPois   inf        Reflect  .   (no helmet)
rElec   +          Harm     .   (no cloak)
rCorr   .          Rampage  .   (no gloves)
Will    .....                   (no boots)
Stlth   +++.......              (no amulet)
HPRegen 0.04/turn               (no ring)
MPRegen 0.07/turn               (no ring)

@: no status effects
A: sickness immunity, AC +2, negative energy resistance 1, electricity
resistance, torment resistance 1, petrification resistance
a: no special abilities


You were on level 4 of the Dungeon.
You visited 1 branch of the dungeon, and saw 2 of its levels.


Innate Abilities, Weirdness & Mutations

You are immune to sickness and miasma.
Your stone body is resilient. (AC +2)
You are immune to poison.
You resist negative energy. (rN+)
You are resistant to electric shocks. (rElec)
You are resistant to unholy torment.
You are immune to petrification.


   Skills:
 - Level 3.2 Fighting
 + Level 2.1 Axes
 - Level 1.5 Dodging
 - Level 5.4 Stealth


You couldn't memorise any spells.
You didn't know any spells.
Your spell library was empty.

Inventory:

Hand Weapons
 a - a +0 hand axe (weapon)
Armour
 b - a +0 leather armour (worn)
Wands
 g - a wand of digging (3)
Potions
 f - a potion of haste

Dungeon Overview and Level Annotations

Branches:
Dungeon (5/15)
 Temple: D:4-7

Altars:


Message History

You closely miss the adder. You barely miss the goblin.
You closely miss the hobgoblin. The adder closely misses you.
The hobgoblin barely misses you. The goblin hits you but does no damage.
The adder bites you.
You hit the adder.
The adder is moderately wounded.
You hit the hobgoblin but do no damage. You closely miss the goblin.
You closely miss the ball python. The hobgoblin closely misses you.
The goblin hits you with a +0 dagger. The adder closely misses you.
The ball python bites you but does no damage.
The ball python grabs you. The ball python constricts you.
The goblin hits you with a +0 dagger. The hobgoblin closely misses you.
You closely miss the ball python. You barely miss the hobgoblin.
You hit the goblin.
You kill the goblin!
You hit the adder. The adder bites you. The ball python bites you.
The ball python constricts you. The adder bites you but does no damage.
The hobgoblin barely misses you. The ball python closely misses you.
The ball python constricts you.
Your Axes skill increases to level 2!
You hit the ball python.
You kill the ball python!
You hit the adder. You hit the hobgoblin.
The adder bites you but does no damage.
The hobgoblin hits you but does no damage.
You hit the adder but do no damage.
The adder is severely wounded.
You hit the hobgoblin. The adder bites you but does no damage.
The hobgoblin closely misses you. The adder bites you but does no damage.
You miss the adder.
The adder is severely wounded.
You hit the hobgoblin.
You kill the hobgoblin!
The adder bites you but does no damage. The adder barely misses you.
You barely miss the adder.
The adder is severely wounded.
The adder bites you.
You die...

##+#+#.#
#......#
#......#
#.?=...#
#####......#
....#......#
#.....%..#
#....S@.#
##.>..%)#
#.####.# #.
.# #. .# ..
.# .. .# S.#
.# S#


You could see an adder.

Vanquished Creatures
  An endoplasm (D:4)
  A hobgoblin (D:4)
  A ball python (D:4)
  A goblin (D:4)
4 creatures vanquished.

Notes
Turn   | Place    | Note
-------+----------+-------------------------------------------
     0 | D:5      | qw the Gargoyle Delver began the quest for the Orb.
     0 | D:5      | Reached XP level 1. HP: 14/14 MP: 1/1
     0 | D:5      | 0 ||| qw: Version: 0.1-a-116-g5d60599
     0 | D:5      | 0 ||| qw: Game counter: 8645
     0 | D:5      | 0 ||| qw: Always use a shield: true
     0 | D:5      | 0 ||| qw: God list: Okawaru
     0 | D:5      | 0 ||| qw: Allow faded altars: false
     0 | D:5      | 0 ||| qw: Do Orc after D:15 true
     0 | D:5      | 0 ||| qw: Do second Lair branch before Depths: true
     0 | D:5      | 0 ||| qw: Lair rune preference: random
     0 | D:5      | 0 ||| qw: Plans: Normal
     0 | D:5      | 0 ||| PLANNING D:1-11
     0 | D:5      | 0 ||| DROPPING scroll of fog.
     1 | D:5      | 1 ||| DROPPING scroll of magic mapping.
     2 | D:5      | 2 ||| DROPPING scroll of fear.
    10 | D:4      | 10 ||| PLANNING OSSUARY
    18 | D:4      | HP: 3/14 [adder (3)]
    18 | D:4      | HP: 1/14 [constriction (1)]
    22 | D:4      | Slain by an adder

Levels and vault maps discovered:
D:4:      layout_basic, gammafunk_temple_overflow_claw, enter_ossuary_2,
          minmay_liquid_box, hex_medium, nicolae_figureground_pulse, uniq_pikel
D:5:      layout_rooms, amcnicky_altar_gilded, corexii_hall_statues_t,
          lemuel_flamethrower_2

Skill      XL: |  1 |
---------------+----+-----
Axes           | 2 |  2.1
Fighting       | |  3.2
Dodging        | |  1.5
Stealth        | |  5.4

Action                   || total
-------------------------++-------
Melee: Hand axe          ||    10
 Stab: Sleeping          ||     1
Armor: Leather armour    ||     8
Dodge: Dodged            ||    12

Table legend:
 A = Non-vault XP
 B = Vault XP
 C = Vault XP percentage of total XP
 D = Non-vault monster count
 E = Vault monster count
 F = Vault count percentage of total count
                 A         B        C        D         E       F
            +---------+---------+-------+---------+---------+-------
      Total |       6 |       0 |   0.0 |       4 |       0 |   0.0
            +---------+---------+-------+---------+---------+-------
        D:4 |       6 |       0 |   0.0 |       4 |       0 |   0.0
            +---------+---------+-------+---------+---------+-------
